 Dungeon Crawl Stone Soup version 0.29-a0-271-gd4eb659eea (webtiles) character file.

Game seed: 8674339215189591349

107 berserjio the Sneak (level 4, -6/33 HPs)
             Began as an Octopode Delver on Mar 8, 2022.
             Was a Follower of Cheibriados.
             Killed by nerve-wracking pain
             ... invoked by an orc priest
              (13 damage)
             ... on level 3 of the Dungeon.
             The game lasted 00:05:22 (3252 turns).

berserjio the Sneak (Octopode Delver)               Turns: 3252, Time: 00:05:23

Health: -6/33      AC:  1    Str: 13 (14) XL:     4   Next: 85%
Magic:  4/4        EV: 13    Int:  9 (17) God:    Cheibriados [*.....]
Gold:   101        SH:  0    Dex: 14 (16) Spells: 0/3 levels left

rFire   . . .      SeeInvis .   l - +1 short sword (venom)
rCold   . . .      Faith    .   (no shield)
rNeg    . . .      Spirit   .   (helmet restricted)
rPois   .          Reflect  .   (no amulet)
rElec   .          Harm     .   (no ring)
rCorr   .          Rampage  .   (no ring)
Will    .....                   (no ring)
Stlth   ++++......              (no ring)
HPRegen 0.11/turn               (no ring)
MPRegen 0.09/turn               (no ring)
                                (no ring)
                                (no ring)

@: very slow
A: almost no armour, amphibious, 8 rings, camouflage 1, gelatinous body 1,
(nimble swimmer 1), tentacles
a: Renounce Religion, Bend Time


You were on level 3 of the Dungeon.
You worshipped Cheibriados.
Cheibriados was aware of your devotion.
You visited 2 branches of the dungeon, and saw 7 of its levels.

You collected 101 gold pieces.

Inventory:

Hand Weapons
 a - a +0 short sword
 c - a +0 broad axe
 h - a +0 dagger
 l - a +1 short sword of venom (weapon)
Missiles
 n - 3 poisoned darts (quivered)
 o - 3 curare-tipped darts
Wands
 f - a wand of digging (3) {@v3}
Scrolls
 b - 2 scrolls of fog
 j - 2 scrolls of vulnerability
 k - 2 scrolls of fear
 m - 2 scrolls of teleportation {@r3}
Potions
 d - a potion of curing {@q1}
 e - a potion of brilliance
 g - a potion of mutation


   Skills:
 - Level 4.0 Fighting
 - Level 2.0 Short Blades
 - Level 2.0 Dodging
 - Level 6.6 Stealth
 * Level 3.3 Unarmed Combat


You couldn't memorise any spells.
You knew the following spells:

 Your Spells              Type           Power      Damage    Failure   Level
a - Ozocubu's Armour      Ice            0%         N/A       77%         3

Your spell library contained the following spells:

 Spells                   Type           Power      Damage    Failure   Level
 Animate Skeleton         Necr           0%         N/A       38%         1
 Foxfire                  Conj/Fire      0%         2x1d4     38%         1
 Freeze                   Ice            0%         1d3       38%         1
 Pain                     Necr           0%         1d4       38%         1
 Conjure Flame            Conj/Fire      0%         6-21      77%         3
 Frozen Ramparts          Ice            0%         1d2       77%         3
 Inner Flame              Hex/Fire       0%         N/A       77%         3
 Tukima's Dance           Hex            0%         N/A       77%         3
 Vampiric Draining        Necr           0%         2d6       77%         3
 Anguish                  Hex/Necr       0%         N/A       99%         4
 Flame Wave               Conj/Fire      0%         2d4       99%         4
 Hailstorm                Conj/Ice       0%         3d3       99%         4
 Metabolic Englaciation   Hex/Ice        0%         N/A       100%        5
 Simulacrum               Ice/Necr       0%         N/A       100%        6
 Enfeeble                 Hex            0%         N/A       100%        7
 Chain Lightning          Conj/Air       0%         N/A       100%        9
 Fire Storm               Conj/Fire      0%         5d1       100%        9
 Shatter                  Erth           0%         3d5*      100%        9


Dungeon Overview and Level Annotations

Branches:
Dungeon (6/15)             Temple (1/1) D:5

Altars:
Cheibriados
Dithmenos
Elyvilon
Gozag
Makhleb
Qazlal
Uskayaw
Vehumet
Yredelemnul
The Shining One
Lugonu

Annotations:
D:3 1 transporter


Innate Abilities, Weirdness & Mutations

You cannot wear most types of armour.
You are amphibious.
You can wear up to eight rings at the same time.
Your skin changes colour to match your surroundings (Stealth+).
Your rubbery body absorbs attacks. (AC +1, EV +1)
((You are camouflaged when in or above water. (Stealth+)))
You have tentacles for arms and can constrict up to eight enemies at once.


Message History

Anything else - Cancel.
You shout for attention!
You start waiting.
Done waiting.
What are your orders? t - Shout!
Orders for allies: a - Attack new target. r - Retreat! s - Stop attacking. g - Guard the area. f - Follow me.
Anything else - Cancel.
You shout for attention!
You start waiting.
An orc priest is nearby!
What are your orders? t - Shout!
Orders for allies: a - Attack new target. r - Retreat! s - Stop attacking. g - Guard the area. f - Follow me.
Anything else - Cancel.
You shout for attention!
The orc priest shouts!
The orc priest looks satisfied for a moment.
You start waiting.
An orc priest is nearby!
The orc priest invokes the aid of Beogh against you.
Beogh smites you!
Things that are here:
a +0 falchion; an orc corpse You closely miss the orc priest.
You grab the orc priest. You tentacle-slap the orc priest.
You squeeze the orc priest, but do no damage.
You constrict the orc priest, but do no damage.
The orc priest mumbles some strange prayers to Beogh against you.
Beogh smites you!
* * * LOW HITPOINT WARNING * * *
You hit the orc priest but do no damage.
The orc priest is poisoned.
You squeeze the orc priest!
You constrict the orc priest, but do no damage.
The orc priest invokes the aid of Beogh against you.
Pain shoots through your body!
You die...

..#........... .............. #
#. #.#............ .. #.
#.#............ ..
#.###'#..........# ..
#.......#........#
############..#....#........#.#
....... ........)....>........
..... .#.....o@...#.....###
...# ####...#...#..<.## .[.#
#...#........# ...#
#...#.......## ...#
#...##.......# .).# #...
#.......# ...# ...# #.......##.
...# #... ##.......#$ ...# ...#
#.......©#(


You could see an orc priest (very poisoned).

Vanquished Creatures
  A hound (D:5)
  2 adders
  A dart slug (D:2)
  5 orcs
  4 ball pythons
  8 endoplasms
  4 giant cockroaches
  5 goblins
  4 hobgoblins
  3 quokkas
  3 bats (D:1)
  2 frilled lizards
  2 kobolds (D:1)
  5 rats
49 creatures vanquished.

Notes
Turn   | Place    | Note
-------+----------+-------------------------------------------
     0 | D:5      | berserjio the Octopode Delver began the quest for the Orb.
     0 | D:5      | Reached XP level 1. HP: 16/16 MP: 1/1
    29 | D:5      | Found a staircase to the Ecumenical Temple.
    38 | Temple   | Entered the Ecumenical Temple
    72 | Temple   | Became a worshipper of Cheibriados the Contemplative
    97 | D:5      | Noticed a black bear
   122 | D:4      | Noticed a scorpion
   156 | D:3      | Reached XP level 2. HP: 20/21 MP: 2/2
   223 | D:4      | Found a burning altar of Makhleb.
   473 | D:4      | Was placed under penance by Cheibriados
   478 | D:4      | Noticed a scorpion
   509 | D:4      | Reached XP level 3. HP: 7/27 MP: 3/3
   803 | D:5      | Was forgiven by Cheibriados
   890 | D:4      | Found a shadowy altar of Dithmenos.
   890 | D:4      | Found a glowing golden altar of the Shining One.
   927 | D:4      | Found an opulent altar of Gozag.
  1003 | D:3      | Reached XP level 4. HP: 33/33 MP: 4/4
  1010 | D:3      | Found a transporter.
  1184 | D:1      | Learned a level 3 spell: Ozocubu's Armour
  1348 | D:1      | Reached * piety under Cheibriados
  2449 | D:2      | Found a faded altar of an unknown god.
  3252 | D:3      | Killed from afar by an orc priest

Illustrated notes

Levels and vault maps discovered:
D:1:      sevenhm_arrival_forest_fort_small_3, layout_basic,
          minmay_indecisive_spiral
D:2:      layout_rooms, serial_forest, infiniplex_forest_lined_3,
          infiniplex_forest_straight_2, infiniplex_forest_end_3,
          infiniplex_forest_clump_curved, infiniplex_forest_straight_5,
          shapermc_ecumenical_altar_petra, grunt_ministairs_8
D:3:      layout_basic, old_standard_altar, serial_curves, eino_curves_03,
          eino_curves_02, eino_curves_01, eino_curves_02,
          gammafunk_ghost_stat_death, uniq_ijyb
D:4:      layout_basic, nicolae_overflow_crystal_walls,
          grunt_dithmenos_smoke_and_mirrors, bloody_makhleb, old_standard_altar,
          minmay_increasing_density, uniq_crazy_yiuf_cottage
D:5:      layout_loops_ring, minmay_temple_entry_slanted,
          kennysheep_generic_room_10
D:6:      layout_loops_ring, okawaru_altar_gauntlet_db
Temple:   corrupted_temple

Skill      XL: |  1  2  3  4 |
---------------+-------------+-----
Fighting       | 4 |  4.0
Unarmed Combat | 2 3 |  3.3
Short Blades   | |  2.0
Dodging        | |  2.0
Stealth        | |  6.6

Action                   |  1- 3 |  4- 6 || total
-------------------------+-------+-------++-------
Melee: Short sword       |    28 |    52 ||    80
       Tentacles         |     5 |    13 ||    18
       Constrict         |     6 |     9 ||    15
       Punch             |       |     4 ||     4
  Use: Scroll            |     5 |     3 ||     8
       Potion            |     3 |       ||     3
 Stab: Sleeping          |     5 |    17 ||    22
Armor: Skin              |     4 |       ||     4
Dodge: Dodged            |    23 |    11 ||    34

Table legend: (Time is in decaauts)
 A = Elapsed time spent in this place.
 B = Non-inter-level travel time spent in this place.
 C = Inter-level travel time spent in this place.
 D = Time resting spent in this place.
 E = Time spent auto-exploring this place.
 F = Levels seen in this place.
 G = Mean time per level.
                   A        B        C        D        E       F      G
               +--------+--------+--------+--------+--------+-----+--------+
         Total |   3768 |   3656 |    112 |    970 |   1850 |   7 |  538.3 |
       Dungeon |   3711 |   3621 |     90 |    970 |   1850 |   6 |  618.5 |
        Temple |     57 |     36 |     21 |      0 |      0 |   1 |   57.0 |
               +--------+--------+--------+--------+--------+-----+--------+

Top non-repeatable levels by time:
     D:1: 1257 daAuts
     D:2: 944 daAuts
     D:3: 605 daAuts
     D:4: 454 daAuts
     D:5: 448 daAuts
  Temple: 57 daAuts
     D:6: 1 daAuts
